 Seeded DCSS version 0.30-a0-310-g7d6cbdfea6 (webtiles) character file.

Game seed: 3903965384350414142 (custom seed)

589 flotson the Trooper (level 7, 0/55 HPs)
             Began as a Demonspawn Delver on Oct 24, 2022.
             Killed by divine providence
             ... invoked by an orc priest
              (13 damage)
             ... on level 5 of the Dungeon.
             The game lasted 00:05:16 (3413 turns).

flotson the Trooper (Demonspawn Delver)             Turns: 3413, Time: 00:05:17

Health: 0/55       AC:  7    Str: 15    XL:     7   Next: 15%
Magic:  7/7        EV: 10    Int: 11    God:
Gold:   295        SH:  4    Dex: 14    Spells: 6/6 levels left

rFire   . . .      SeeInvis .    h - +7 long sword "Xasaumu" {flame, Will+ rCorr}
rCold   . . .      Faith    .    (no shield)
rNeg    . . .      Spirit   .    a - +0 scale mail
rPois   .          Reflect  .    (no helmet)
rElec   .          Harm     .    (no cloak)
rCorr   +          Rampage  .    n - +0 pair of gloves
Will    +....                    (no boots)
Stlth   +.........               (no amulet)
HPRegen 0.29/turn                (no ring)
MPRegen 0.10/turn                (no ring)

@: no status effects
A: condensation shield
a: no special abilities


You were on level 5 of the Dungeon.
You visited 1 branch of the dungeon, and saw 5 of its levels.

You collected 295 gold pieces.

Inventory:

Hand Weapons
 e - a +3 hand axe
 h - the +7 long sword "Xasaumu" (weapon) {flame, Will+ rCorr}
   (You found it on level 5 of the Dungeon)

   It burns those it strikes, dealing additional fire damage.
   Big, fiery blades are also staple armaments of hydra-hunters.
   rCorr:     It protects you from acid and corrosion.
   Will:      It increases your willpower.
Armour
 a - a +0 scale mail (worn)
 n - a +0 pair of gloves (worn)
Jewellery
 y - a ring of fire
 z - a ring of resist corrosion
Wands
 g - a wand of digging (2)
 x - a wand of mindburst (8)
Scrolls
 b - 3 scrolls of teleportation {unknown}
 c - a scroll of fog
 d - a scroll of noise {unknown}
 i - a scroll of butterflies {unknown}
 j - a scroll of poison {unknown}
 k - a scroll of immolation {unknown}
 m - 4 scrolls of identify {unknown}
 q - a scroll of enchant weapon {unknown}
 r - a scroll of vulnerability {unknown}
 u - a scroll of enchant armour {unknown}
 v - a scroll of torment {unknown}
 w - a scroll of magic mapping
Potions
 f - a potion of haste
 l - a potion of mutation {unknown}
 o - a potion of heal wounds {unknown}
 p - 2 potions of curing
 s - a potion of invisibility {unknown}
 t - a potion of cancellation {unknown}


   Skills:
 + Level 4.7 Fighting
 - Level 1.0 Long Blades
 - Level 1.7 Axes
 + Level 3.1 Armour
 + Level 3.8 Dodging
 - Level 4.5 Stealth
 + Level 3.5 Evocations


You had 6 spell levels left.
You didn't know any spells.
Your spell library contained the following spells:

 Spells                   Type           Power      Damage    Failure   Level
 Foxfire                  Conj/Fire      0%         2x1d4     80%         1
 Call Canine Familiar     Summ           0%         N/A       99%         3
 Inner Flame              Hex/Fire       0%         N/A       99%         3
 Portal Projectile        Hex/Tloc       0%         N/A       99%         3
 Leda's Liquefaction      Hex/Erth       0%         N/A       100%        4
 Manifold Assault         Tloc           0%         N/A       100%        4
 Sticky Flame             Conj/Fire      0%         2d3       100%        4
 Fireball                 Conj/Fire      0%         3d3       100%        5
 Dispersal                Tloc           0%         N/A       100%        6
 Starburst                Conj/Fire      0%         6d3       100%        6
 Disjunction              Tloc           0%         N/A       100%        8
 Fire Storm               Conj/Fire      0%         5d1       100%        9


Dungeon Overview and Level Annotations

Branches:
Dungeon (5/15)
 Temple: D:4-7

Altars:
Dithmenos
Ru

Shops:
D:2 =

Annotations:
D:4 1 runed translucent door, kairosrom117's ghost, novice MiFi


Innate Abilities, Weirdness & Mutations

A meltable shield of frost defends you. (SH +4)


Message History

The orc wizard points at you and mumbles some strange words.
The magic dart hits you.
You hit the orc wizard. You burn the orc wizard.
You kill the orc wizard!
An orc priest comes into view. It is wielding a +0 dagger.
The orc barely misses you.
You barely miss the orc. The orc barely misses you.
An orc comes into view. It is wielding a +0 mace.
You closely miss the orc. The orc barely misses you.
An orc comes into view. It is wielding a +0 flail.
You barely miss the orc. The orc misses you.
You barely miss the gnoll.
The orc priest mumbles some strange prayers to Beogh against you.
Beogh smites you! The orc closely misses you.
The gnoll hits you with a +0 flail.
An orc priest comes into view. It is wielding a +0 mace.
The orc shouts!
The orc priest shouts!
You hit the gnoll. You burn the gnoll.
The gnoll is heavily wounded.
The orc hits you but does no damage. The gnoll hits you with a +0 flail.
You hit the gnoll. You burn the gnoll.
The gnoll is almost dead.
The orc hits you with a +1 flail of protection.
The gnoll hits you with a +0 flail. You block the gnoll's attack.
The orc hits you with a +1 flail of protection.
You slash the gnoll! You burn the gnoll.
You kill the gnoll!
The orc priest invokes the aid of Beogh against you.
Beogh smites you!
* * * LOW HITPOINT WARNING * * *
You block the orc's attack.
You are too injured to fight recklessly!
You are too injured to fight recklessly!
You are too injured to fight recklessly!
Unknown command.
The orc priest hits you but does no damage.
The orc hits you but does no damage.
The orc priest calls down the wrath of Beogh upon you.
Beogh smites you!
You die...

********#### *,...,,,,..#
*,......,..# *,,.....,..##### ##
****#..#*#.....# ******** .#
#..###.....#**,,,,,,* .#
*#...#.....#*,,,,,,,, .# ###
#.#o#o....#,,,,,,,,,
.###.#########.#@oo....#,,,,,,,,,
......†........)##.....#,,,,,,,,,
.#.############.##.....#,,,,,,,,,
..###### #####o......(#,,,,,,,,,
.......# #..)..##........,,,,,,,
.......# ##.###.##.....#..,,,,,,,
.......###..###.##....##..,,,,,,,
...............)........,,,,,,,,,
......................##.,,,,,,,,


You could see 2 orc priests and 3 orcs.

Vanquished Creatures
  An ice beast (D:5)
  A scorpion (D:5)
  A necrophage (D:5)
  2 orc priests (D:3)
  A hound (D:4)
  An iguana (D:5)
  Natasha (thrice) (D:4)
  An orc wizard (D:5)
  5 adders
  2 gnolls
  2 ufetubi (D:4)
  4 worms
  A dart slug (D:1)
  9 orcs
  8 ball pythons
  5 endoplasms
  2 giant cockroaches
  7 goblins
  8 hobgoblins
  2 jackals (D:2)
  5 kobolds
  4 quokkas
  2 bats (D:2)
  A frilled lizard (D:3)
  6 rats
84 creatures vanquished.

Notes
Turn   | Place    | Note
-------+----------+-------------------------------------------
     0 | D:5      | flotson the Demonspawn Delver began the quest for the Orb.
     0 | D:5      | Reached XP level 1. HP: 18/18 MP: 1/1
    11 | D:5      | Noticed a scorpion
    11 | D:5      | Noticed an ice beast
    17 | D:5      | Identified the +7 long sword "Xasaumu" {flame, Will+ rCorr}
    38 | D:5      | Gained mutation: A meltable shield of frost defends you.
                  | (SH +4) [demonic ancestry]
    38 | D:5      | Reached XP level 2. HP: 24/24 MP: 2/2
    92 | D:4      | Reached skill level 1 in Evocations
   105 | D:4      | Reached skill level 1 in Armour
   105 | D:4      | Reached XP level 3. HP: 24/29 MP: 3/3
   156 | D:4      | Noticed kairosrom117's ghost (novice MiFi)
   159 | D:4      | Found a runed translucent door.
   187 | D:3      | Reached XP level 4. HP: 25/35 MP: 4/4
   188 | D:3      | Reached skill level 1 in Long Blades
   261 | D:2      | Found Wolu's Jewellery Shoppe.
  1327 | D:2      | Reached XP level 5. HP: 33/42 MP: 5/5
  2501 | D:4      | Noticed Natasha
  2508 | D:4      | Killed Natasha
  2568 | D:4      | Found a sacrificial altar of Ru.
  2621 | D:4      | Noticed Natasha
  2625 | D:4      | Killed Natasha
  2626 | D:4      | Reached XP level 6. HP: 48/48 MP: 6/6
  2633 | D:4      | Found a shadowy altar of Dithmenos.
  2647 | D:4      | Got the Disquisition on the Pyre
  2719 | D:4      | Noticed Natasha
  2728 | D:4      | Killed Natasha
  3006 | D:5      | Killed an ice beast
  3168 | D:5      | Reached XP level 7. HP: 18/55 MP: 7/7
  3413 | D:5      | Killed from afar by an orc priest

Illustrated notes

Levels and vault maps discovered:
D:1:      dpeg_arrival_tiny_k, layout_basic
D:2:      kennysheep_six_static_rooms, layout_rooms, serial_shops, shop
D:3:      layout_loops_cross
D:4:      layout_gridville, mainiacjoe_overflow_big_doors,
          mainiacjoe_overflow_boulevard, hellmonk_ghost_happy_afterlife,
          uniq_natasha
D:5:      layout_rooms, serial_shops, nicolae_shop_hallway_stairs

Skill      XL: |  1  2  3  4  5  6 |
---------------+-------------------+-----
Dodging        | 2 3 |  3.8
Evocations     | 1 2 3 |  3.5
Armour         | 1 2 3 |  3.1
Long Blades    | 1 |  1.0
Fighting       | 4 |  4.7
Axes           | |  1.7
Stealth        | |  4.5

Action                   |  1- 3 |  4- 6 |  7- 9 || total
-------------------------+-------+-------+-------++-------
Melee: Long sword        |    17 |   150 |    20 ||   187
Evoke: Wand              |     1 |       |       ||     1
  Use: Scroll            |     2 |       |       ||     2
       Potion            |       |     1 |       ||     1
 Stab: Sleeping          |     1 |     2 |       ||     3
Armor: Leather armour    |     3 |       |       ||     3
       Scale mail        |       |    48 |     7 ||    55
Dodge: Dodged            |    15 |    69 |    13 ||    97
Block: Other             |     5 |    30 |     8 ||    43

Table legend: (Time is in decaauts)
 A = Elapsed time spent in this place.
 B = Non-inter-level travel time spent in this place.
 C = Inter-level travel time spent in this place.
 D = Time resting spent in this place.
 E = Time spent auto-exploring this place.
 F = Levels seen in this place.
 G = Mean time per level.
                   A        B        C        D        E       F      G
               +--------+--------+--------+--------+--------+-----+--------+
         Total |   3480 |   3302 |    178 |    112 |   2521 |   5 |  696.0 |
       Dungeon |   3480 |   3302 |    178 |    112 |   2521 |   5 |  696.0 |
               +--------+--------+--------+--------+--------+-----+--------+

Top non-repeatable levels by time:
     D:1: 910 daAuts
     D:4: 783 daAuts
     D:3: 740 daAuts
     D:2: 672 daAuts
     D:5: 373 daAuts
